 Dungeon Crawl Stone Soup version 0.28.0-53-g5a82cb258f (webtiles) character file.

Game seed: 15233633799590516652

77 Jerry the Chucker (level 4, -1/42 HPs)
             Began as a Troll Hunter on June 22, 2022.
             Slain by a centaur
             ... wielding a +0 long sword
              (10 damage)
             ... on level 3 of the Dungeon.
             The game lasted 00:03:53 (1439 turns).

Jerry the Chucker (Troll Hunter)                    Turns: 1439, Time: 00:03:54

Health: -1/42      AC:  4    Str: 22    XL:     4   Next: 13%
Magic:  2/2        EV: 10    Int:  7    God:
Gold:   109        SH:  5    Dex: 10    Spells: 3/3 levels left

rFire   . . .      SeeInvis .   f - +0 whip
rCold   . . .      Faith    .   (no shield)
rNeg    . . .      Spirit   .   b - +0 robe
rPois   .          Reflect  +   (helmet restricted)
rElec   .          Harm     .   (no cloak)
rCorr   +          Rampage  .   (gloves unavailable)
Will    .....                   (boots unavailable)
Stlth   +.........              k - amulet of reflection
HPRegen 0.94/turn               m - ring of resist corrosion
MPRegen 0.08/turn               (no ring)

@: no status effects
A: large, unfitting armour, claws 3, regeneration 1, shaggy fur 1, tough skin 1,
horns 1, deterioration 1, low MP 1
a: no special abilities


You were on level 3 of the Dungeon.
You visited 1 branch of the dungeon, and saw 3 of its levels.

You collected 109 gold pieces.

Inventory:

Hand Weapons
 f - a +0 whip (weapon)
Missiles
 c - 5 large rocks (quivered)
 d - 2 throwing nets
Armour
 b - a +0 robe (worn)
Magical Staves
 e - a staff of earth
Jewellery
 k - an amulet of reflection (around neck)
 m - a ring of resist corrosion (left claw)
Scrolls
 g - a scroll of teleportation {unknown}
 h - a scroll of vulnerability {unknown}
 i - a scroll of identify {unknown}
 j - a scroll of fear {unknown}
 l - a scroll of fog {unknown}


   Skills:
 - Level 1.8 Fighting
 * Level 2.1 Maces & Flails
 + Level 4.0 Throwing
 + Level 2.2 Dodging
 - Level 0.3 Stealth


You had 3 spell levels left.
You didn't know any spells.
Your spell library contained the following spells:

 Spells                   Type           Power      Damage    Failure   Level
 Ignite Poison            Fire/Tmut/Pois 0%         N/A       80%         3
 Mephitic Cloud           Conj/Pois/Air  0%         N/A       80%         3
 Freezing Cloud           Conj/Ice/Air   0%         6-21      100%        5


Dungeon Overview and Level Annotations

Branches:
Dungeon (3/15)

Altars:
Uskayaw


Innate Abilities, Weirdness & Mutations

You are too large for most types of armour.
You have claws for hands.
Your natural rate of healing is unusually fast.
You are covered in fur. (AC +1)
You have tough skin. (AC +1)
You have a pair of small horns on your head.
Your body sometimes deteriorates upon taking damage.
Your magical capacity is low. (-10% MP)


Message History

No target in view!
No target in view!
No target in view!
No target in view!
No target in view!
No target in view!
No target in view!
No target in view!
You see here 17 stones.
There is a stone staircase leading down here.
Found a distressingly furry leather armour.
You see here 14 gold pieces.
You now have 109 gold pieces (gained 14).
The centaur shouts!
The centaur shoots an arrow.
The arrow hits you!
The centaur shoots an arrow.
The arrow hits you.
The centaur unwields a +0 shortbow.
The centaur wields a +0 long sword.
The centaur hits you with a +0 long sword!
The centaur barely misses you.
You hit the centaur.
The centaur is lightly wounded.
The centaur closely misses you. You block the centaur's attack.
The centaur hits you with a +0 long sword!
The centaur kicks you but does no damage.
It was a potion of mutation.
You feel extremely strange.
You feel yourself wasting away.
You feel less energetic. A pair of horns grows on your head!
You block the centaur's attack.
The centaur kicks you but does no damage.
You hit the centaur.
The centaur is lightly wounded.
The centaur hits you with a +0 long sword.
The centaur kicks you.
The centaur hits you with a +0 long sword.
* * * LOW HITPOINT WARNING * * *
You block the centaur's attack.
You hit the centaur. You claw the centaur, but do no damage.
The centaur is moderately wounded.
The centaur hits you with a +0 long sword!
You die...

.....# .# .#..##.#
......# #..... #...# #
####...#### ##
#........[#####
.#########.............#
#..>............@c##..c.
.############...### # ##
#...# # ##.## #.# #.#
#.. ##


You could see a centaur.

Vanquished Creatures
  2 adders
  A worm (D:2)
  A dart slug (D:1)
  2 ball pythons (D:2)
  7 bats
  5 endoplasms
  3 goblins
  5 hobgoblins
  3 jackals (D:2)
  3 quokkas
  5 frilled lizards
  9 kobolds
  3 rats
49 creatures vanquished.

Notes
Turn   | Place    | Note
-------+----------+-------------------------------------------
     0 | D:1      | Jerry the Troll Hunter began the quest for the Orb.
     0 | D:1      | Reached XP level 1. HP: 19/19 MP: 0/0
    93 | D:1      | Reached XP level 2. HP: 28/28 MP: 1/1
   302 | D:1      | Reached skill level 1 in Maces & Flails
   632 | D:2      | Reached XP level 3. HP: 33/35 MP: 2/2
  1017 | D:2      | Reached skill level 4 in Throwing
  1253 | D:3      | Noticed a centaur
  1322 | D:3      | Reached XP level 4. HP: 37/42 MP: 3/3
  1351 | D:3      | Noticed a +0 falchion
  1356 | D:3      | Found a hide-covered altar of Uskayaw.
  1356 | D:3      | Noticed a +0 short sword
  1356 | D:3      | Noticed a +0 dagger
  1356 | D:3      | Noticed a +0 short sword
  1356 | D:3      | Noticed a +0 falchion
  1357 | D:3      | Noticed a +0 spear
  1359 | D:3      | Noticed a +0 spear
  1359 | D:3      | Noticed a +0 dagger
  1437 | D:3      | Gained mutation: Your body sometimes deteriorates upon
                  | taking damage. [potion of mutation]
  1437 | D:3      | Gained mutation: Your magical capacity is low. (-10% MP)
                  | [potion of mutation]
  1437 | D:3      | Gained mutation: You have a pair of small horns on your
                  | head. [potion of mutation]
  1439 | D:3      | Slain by a centaur

Illustrated notes

Levels and vault maps discovered:
D:1:      ncdulo_lavacross, layout_loops_ring
D:2:      layout_basic
D:3:      layout_loops_ring, tgw_trog, bloody_makhleb, nicolae_uskayaw_en_pointe

Skill      XL: |  1  2  3 |
---------------+----------+-----
Dodging        | 2 |  2.2
Maces & Flails | 1 2 |  2.1
Throwing       | 4 |  4.0
Fighting       | |  1.8
Stealth        | |  0.3

Action                   |  1- 3 |  4- 6 || total
-------------------------+-------+-------++-------
Melee: Short sword       |    62 |       ||    62
       Whip              |   121 |     6 ||   127
       Punch             |     3 |     1 ||     4
  Use: Potion            |       |     1 ||     1
Armor: Robe              |    85 |     3 ||    88
Dodge: Dodged            |   120 |     2 ||   122
Block: Other             |     4 |     3 ||     7
